 Dungeon Crawl Stone Soup version 0.28-a0-932-g843f935a50 (webtiles) character file.

Game seed: 18295855693853370330

11365 bande the Cleaver (level 11, 0/68 HPs)
             Began as a Gargoyle Fighter on Nov 28, 2021.
             Was the Champion of Okawaru.
             Slain by Fannar (14 damage)
             ... on level 2 of the Lair of Beasts.
             The game lasted 00:17:50 (11077 turns).

bande the Cleaver (Gargoyle Fighter)               Turns: 11077, Time: 00:17:50

Health: 0/68       AC: 23    Str: 28    XL:     11   Next: 76%
Magic:  16/16      EV: 10    Int:  8    God:    Okawaru [******]
Gold:   542        SH:  6    Dex: 11    Spells: 10/10 levels left

rFire   . . .      SeeInvis .   E - +2 scimitar (flame)
rCold   . . .      Faith    .   c - +1 buckler
rNeg    + . .      Spirit   .   p - +2 scale mail {Will+}
rPois   ∞          Reflect  .   (no helmet)
rElec   +          Harm     .   g - +0 cloak
rCorr   .          Rampage  .   (no gloves)
Will    +....                   (no boots)
Stlth   ..........              e - amulet of regeneration
HPRegen 1.01/turn               u - +4 ring of protection
MPRegen 0.15/turn               A - +6 ring of strength

@: no status effects
A: sickness immunity, AC +8, negative energy resistance 1, electricity
resistance, torment resistance 1, petrification resistance
a: Renounce Religion, Heroism, Finesse, Duel


You were on level 2 of the Lair of Beasts.
You worshipped Okawaru.
Okawaru was exalted by your worship.
You visited 3 branches of the dungeon, and saw 12 of its levels.

You collected 542 gold pieces.

Inventory:

Hand Weapons
 a - a +1 spectral war axe
 k - a +0 war axe
 D - a +5 flail
 E - a +2 scimitar of flaming (weapon)
 J - the +8 battleaxe "Ufaupp" {vorpal, *Noise rElec rC+++ Will+}
   (Okawaru gifted it to you on level 1 of the Lair of Beasts)

   It inflicts extra damage upon your enemies.
   rC:        It renders you almost immune to cold.
   rElec:     It insulates you from electricity.
   *Noise:    It may make noises in combat.
   Will:      It increases your willpower.
Missiles
 B - a throwing net (quivered)
Armour
 c - a +1 buckler (worn)
 g - a +0 cloak (worn)
 p - a +2 scale mail of willpower (worn)
 v - a +0 kite shield
Jewellery
 e - an amulet of regeneration (around neck)
 m - an amulet of faith
 t - an amulet of the acrobat
 u - a +4 ring of protection (left hand)
 A - a +6 ring of strength (right hand)
 F - a ring of protection from cold
 G - a ring of flight
Wands
 l - a wand of mindburst (16)
 q - a wand of iceblast (16)
 w - a wand of polymorph (6)
 x - a wand of paralysis (8)
Scrolls
 h - 2 scrolls of enchant armour
 j - 2 scrolls of amnesia
 n - 5 scrolls of teleportation
 y - 2 scrolls of enchant weapon
 H - a scroll of identify
 I - a scroll of magic mapping
 K - a scroll of fog
Potions
 b - 3 potions of heal wounds
 d - 3 potions of might
 f - a potion of berserk rage
 i - a potion of flight
 o - 3 potions of brilliance
 r - a potion of cancellation
 s - 3 potions of curing
 z - a potion of haste
 C - a potion of invisibility


   Skills:
 + Level 8.0 Fighting
 - Level 0.2 Long Blades
 + Level 10.6 Axes
 + Level 8.1 Armour
 + Level 6.4 Shields
 * Level 7.4 Invocations
 * Level 6.2 Evocations


You had 10 spell levels left.
You didn't know any spells.
Your spell library contained the following spells:

 Spells                   Type           Power      Damage    Failure   Level
 Apportation              Tloc           0%         N/A       63%         1
 Corpse Rot               Necr/Air       0%         N/A       77%         2
 Ignite Poison            Fire/Tmut/Pois 0%         N/A       94%         3
 Mephitic Cloud           Conj/Pois/Air  0%         N/A       94%         3
 Dispel Undead            Necr           0%         3d6       100%        4
 Freezing Cloud           Conj/Ice/Air   0%         6-21      100%        5
 Animate Skeleton         Necr           Unusable   N/A       N/A         1
 Summon Small Mammal      Summ           Unusable   N/A       N/A         1
 Death Channel            Necr           Unusable   N/A       N/A         6

Dungeon Overview and Level Annotations

Branches:
Dungeon (9/15)             Temple (1/1) D:5            Lair (2/6) D:9
  Snake (0/4) Lair:2
  Swamp: Lair:2-4    Shoals: Lair:2-4       Orc: D:9-12

Altars:
Ashenzari
Elyvilon
Okawaru
Qazlal
Uskayaw
Vehumet
Wu Jian
Xom
Zin
The Shining One

Shops:
D:1 *

Annotations:
Lair:2 Fannar


Innate Abilities, Weirdness & Mutations

You are immune to sickness and miasma.
Your stone body is resilient. (AC +8)
You are immune to poison.
You resist negative energy. (rN+)
You are resistant to electric shocks. (rElec)
You are resistant to unholy torment.
You are immune to petrification.


Message History

You hack one of the seven-headed hydra's heads off!
The flame cauterises the wound!
You slash the six-headed hydra! You burn the six-headed hydra.
The six-headed hydra is heavily wounded.
Fannar mumbles some strange words.
Fannar blinks!
The six-headed hydra bites you!
The six-headed hydra bites you but does no damage. x2
You block the six-headed hydra's attack.
The six-headed hydra bites you. The six-headed hydra bites you!
Fannar hits you but does no damage. Fannar freezes you.
You block the six-headed hydra's attack.
The six-headed hydra bites you. x2
The six-headed hydra bites you but does no damage. x2
The six-headed hydra completely misses you.
You slice one of the six-headed hydra's heads off!
The flame cauterises the wound!
You slash the five-headed hydra! You burn the five-headed hydra.
The five-headed hydra is heavily wounded.
Fannar hits you but does no damage.
The five-headed hydra bites you but does no damage.
You block the five-headed hydra's attack.
The five-headed hydra bites you but does no damage. x2
The five-headed hydra bites you.
You lop one of the five-headed hydra's heads off!
The flame cauterises the wound!
You hit the four-headed hydra. You burn the four-headed hydra.
The four-headed hydra is severely wounded.
Fannar hits you but does no damage. Fannar freezes you!
* * * LOW HITPOINT WARNING * * *
The four-headed hydra barely misses you.
The four-headed hydra bites you but does no damage. x2
The four-headed hydra barely misses you.
You chop one of the four-headed hydra's heads off!
The flame cauterises the wound!
You slash the three-headed hydra! You burn the three-headed hydra.
The three-headed hydra is almost dead.
Fannar hits you with a staff of cold.
* * * LOW HITPOINT WARNING * * *
Fannar freezes you!
You die...

... ... .... .....
#..#.# #(...####
#....D..### ...
#...Ye@P#.### #.....
## #...........#
#))... #.
#...##......#
#.....##. #.#
#?....####P...#.#.
#.
.####^...#.#........
P
[...................
...####P...#........
## ##.......P....
#P............


You could see Fannar, a three-headed hydra and an ice beast (summoned).

Vanquished Creatures
  A boulder beetle (Lair:2)
  A hydra (Lair:1)
  Erica (D:9)
  A cyclops (D:8)
  A black mamba (Lair:1)
  A cane toad (Lair:1)
  A komodo dragon (D:9)
  Maggie (D:8)
  A rime drake (Lair:2)
  A hornet (D:9)
  9 blink frogs (Lair:1)
  A wyvern (D:9)
  Eustachio (D:5)
  A wraith (D:9)
  6 yaks (Lair:1)
  2 basilisks
  2 nagas (Lair:2)
  An orc warrior (D:7)
  3 sky beasts
  4 water moccasins
  3 ice beasts
  2 ogres
  A necrophage (D:4)
  5 centaurs
  A phantom (D:5)
  7 bullfrogs
  A gnoll sergeant (D:6)
  A water moccasin zombie (D:5)
  2 scorpions
  A wyvern skeleton (D:6)
  A water moccasin skeleton (D:6)
  5 killer bees (D:5)
  6 wights (D:8)
  2 electric eels (Lair:1)
  A howler monkey (D:6)
  2 jellies
  5 orc priests
  2 gnoll shamans
  4 hounds
  A centaur skeleton (D:7)
  2 centaur zombies
  4 orc wizards
  Ijyb (D:5)
  2 iguanas
  A scorpion zombie (D:5)
  A killer bee zombie (D:9)
  A hound skeleton (D:5)
  13 gnolls
  7 adders
  2 shadow imps (D:5)
  A white imp (D:5)
  An ufetubus (D:5)
  An adder skeleton (D:4)
  2 worms
  A dart slug (D:5)
  14 orcs
  2 bats
  5 endoplasms
  3 giant cockroaches
  9 goblins
  8 hobgoblins
  2 jackals (D:1)
  9 quokkas
  9 ball pythons
  5 frilled lizards
  11 kobolds
  6 rats
216 creatures vanquished.

Vanquished Creatures (others)
  A fungus (Lair:2)
  12 plants
13 creatures vanquished.

Grand Total: 229 creatures vanquished

Notes
Turn   | Place    | Note
-------+----------+-------------------------------------------
     0 | D:1      | bande the Gargoyle Fighter began the quest for the Orb.
     0 | D:1      | Reached XP level 1. HP: 14/14 MP: 1/1
   119 | D:1      | Reached XP level 2. HP: 14/19 MP: 2/2
   341 | D:1      | Reached skill level 2 in Axes
   483 | D:1      | Reached XP level 3. HP: 21/23 MP: 3/3
  1124 | D:1      | Found Mantoh's Assorted Antiques.
  1702 | D:2      | Reached XP level 4. HP: 29/29 MP: 4/4
  1933 | D:2      | Reached skill level 3 in Axes
  1976 | D:2      | Found a faded altar of an unknown god.
  2987 | D:3      | Reached XP level 5. HP: 30/33 MP: 5/5
  3418 | D:4      | Noticed a necrophage
  3430 | D:4      | Killed a necrophage
  3431 | D:4      | Reached skill level 4 in Axes
  3431 | D:4      | Reached XP level 6. HP: 38/38 MP: 6/6
  3690 | D:4      | Reached skill level 5 in Axes
  4189 | D:5      | Entered Level 5 of the Dungeon
  4218 | D:5      | Found a staircase to the Ecumenical Temple.
  4224 | Temple   | Entered the Ecumenical Temple
  4361 | Temple   | Became a worshipper of Warmaster Okawaru
  4475 | D:5      | Reached XP level 7. HP: 39/44 MP: 7/7
  4662 | D:5      | Reached skill level 1 in Invocations
  4676 | D:5      | Noticed Ijyb
  4690 | D:5      | Reached skill level 1 in Evocations
  4701 | D:5      | Reached * piety under Okawaru
  4716 | D:5      | Killed Ijyb
  4885 | D:5      | Reached skill level 6 in Axes
  4885 | D:5      | Reached skill level 5 in Armour
  4885 | D:5      | Reached XP level 8. HP: 39/48 MP: 9/9
  5157 | D:5      | Reached skill level 5 in Fighting
  5230 | D:5      | Noticed Eustachio
  5263 | D:5      | Killed Eustachio
  5263 | D:5      | Reached ** piety under Okawaru
  5643 | D:6      | Reached XP level 9. HP: 52/54 MP: 11/11
  5657 | D:5      | Reached skill level 7 in Axes
  6062 | D:6      | Found a stormy altar of Qazlal.
  6400 | D:6      | Reached skill level 5 in Shields
  6421 | D:6      | Reached *** piety under Okawaru
  7172 | D:7      | Reached skill level 8 in Axes
  7651 | D:8      | Reached skill level 5 in Invocations
  7651 | D:8      | Reached XP level 10. HP: 53/60 MP: 13/13
  7885 | D:8      | Noticed Maggie
  7894 | D:8      | Killed Maggie
  7944 | D:8      | Reached **** piety under Okawaru
  8085 | D:8      | Noticed a cyclops
  8086 | D:8      | Found an ornate altar of the Wu Jian Council.
  8094 | D:8      | Killed a cyclops
  8883 | D:9      | Noticed Erica
  8894 | D:9      | Killed Erica
  8894 | D:9      | Reached ***** piety under Okawaru
  8895 | D:9      | Reached skill level 9 in Axes
  9135 | D:9      | Reached skill level 5 in Evocations
  9232 | D:9      | Found a staircase to the Lair.
  9703 | Lair:1   | Entered Level 1 of the Lair of Beasts
  9749 | Lair:1   | Noticed a black mamba
  9762 | Lair:1   | Killed a black mamba
  9840 | Lair:1   | Reached XP level 11. HP: 48/67 MP: 15/15
 10325 | Lair:1   | Reached skill level 10 in Axes
 10327 | Lair:1   | Identified the +8 battleaxe "Ufaupp" {vorpal, *Noise rElec
                  | rC+++ Will+} (Okawaru gifted it to you on level 1 of the
                  | Lair of Beasts)
 10327 | Lair:1   | Received a gift from Okawaru
 10795 | Lair:2   | Noticed a five-headed hydra
 10820 | Lair:2   | Noticed a boulder beetle
 10836 | Lair:1   | Killed a one-headed hydra
 10874 | Lair:2   | Killed a boulder beetle
 10927 | Lair:2   | Found a staircase to the Snake Pit.
 10998 | Lair:2   | Reached ****** piety under Okawaru
 11067 | Lair:2   | Noticed an eight-headed hydra
 11069 | Lair:2   | Noticed Fannar
 11077 | Lair:2   | Slain by Fannar

Illustrated notes

Levels and vault maps discovered:
D:1:      dpeg_arrival_three_bigger_balls, layout_basic, serial_shops, shop,
          corexii_leaking_fountain, minmay_misc_feat_x
D:2:      layout_loops_cross, dreamdust_ecumenical_altar_hidden_monk_grotto,
          minmay_three_crescents
D:3:      layout_rooms, hangedman_abyss_or_decor_lesser_grid
D:4:      layout_basic, hex_intersection
D:5:      layout_cave_pods, minmay_temple_entry_hall, minmay_fractal_squares_5,
          uniq_eustachio, uniq_ijyb
D:6:      layout_rooms, nicolae_qazlal_style_of_elements
D:7:      wad_crossroads, layout_rooms
D:8:      layout_loops_corners, nicolae_wu_jian_wuxing_cycle, uniq_maggie
D:9:      layout_long_grid, david_lair_shrubbed, grunt_ministairs_6, uniq_erica
Temple:   mainiacjoe_temple_big_plus
Lair:1:   layout_hall_layers, serial_bayou, serial_bayou_lake_a,
          serial_bayou_pond_a, serial_bayou_shore_b, serial_bayou_crossing,
          lemuel_fruit_fields
Lair:2:   cheibrodos_lair_river_kwai, layout_misc_corridors,
          minmay_snake_entry_guardpost_small, minmay_hedge_maze,
          nzn_sisyphean_effort, uniq_fannar

Skill      XL: |  1  2  3  4  5  6  7  8  9 10 11 |
---------------+----------------------------------+-----
Axes           | 2 3 4 5 6 8 9 10 | 10.6
Fighting       | 4 5 6 7 8 |  8.0
Armour         | 4 5 6 7 8 |  8.1
Shields        | 4 5 6 |  6.4
Invocations    | 2 3 5 6 7 |  7.4
Evocations     | 1 2 4 5 6 |  6.2
Long Blades    | |  0.2

Action                   |  1- 3 |  4- 6 |  7- 9 | 10-12 || total
-------------------------+-------+-------+-------+-------++-------
Melee: War axe           |   110 |   177 |   393 |   187 ||   867
       Scimitar          |       |       |       |    12 ||    12
  Use: Scroll            |       |    11 |     8 |     5 ||    24
       Potion            |       |     2 |       |       ||     2
Armor: Scale mail        |    70 |    89 |   289 |   153 ||   601
Dodge: Dodged            |    46 |    87 |   190 |    98 ||   421
Block: Buckler           |    26 |    45 |   139 |    59 ||   269

Table legend: (Time is in decaauts)
 A = Elapsed time spent in this place.
 B = Non-inter-level travel time spent in this place.
 C = Inter-level travel time spent in this place.
 D = Time resting spent in this place.
 E = Time spent auto-exploring this place.
 F = Levels seen in this place.
 G = Mean time per level.
                   A        B        C        D        E       F      G
               +--------+--------+--------+--------+--------+-----+--------+
         Total |  11323 |  11128 |    195 |   2060 |   6726 |  12 |  943.6 |
       Dungeon |   9726 |   9560 |    166 |   1728 |   5884 |   9 | 1080.7 |
        Temple |    167 |    138 |     29 |      0 |    127 |   1 |  167.0 |
          Lair |   1429 |   1429 |      0 |    332 |    715 |   2 |  714.5 |
               +--------+--------+--------+--------+--------+-----+--------+

Top non-repeatable levels by time:
     D:1: 1373 daAuts
     D:5: 1312 daAuts
     D:8: 1229 daAuts
  Lair:1: 1128 daAuts
     D:9: 1053 daAuts
     D:4: 1050 daAuts
     D:7: 1005 daAuts
     D:3: 997 daAuts
     D:2: 879 daAuts
     D:6: 825 daAuts
  Lair:2: 300 daAuts
  Temple: 167 daAuts
